 Dungeon Crawl Stone Soup version 0.18-a0-1805-g8ab820f (webtiles) character file.

4179 SkaryMonk the Covert (level 10, -1/61 HPs)
             Began as an Octopode Assassin on Apr 25, 2016.
             Was a Believer of Nemelex Xobeh.
             Slain by a giant frog (5 damage)
             ... on level 8 of the Dungeon on Apr 26, 2016.
             The game lasted 04:59:42 (10372 turns).

SkaryMonk the Covert (Octopode Assassin)           Turns: 10372, Time: 04:59:43

Health: -1/61      AC:  1    Str: 11    XL:     10   Next: 28%
Magic:  10/10      EV: 12    Int: 14    God:    Nemelex Xobeh [**....]
Gold:   437        SH:  0    Dex: 16    Spells: 3 memorised, 4 levels left

rFire  . . .     SeeInvis .     a - +3 dagger
rCold  . . .     Gourm    .     (no shield)
rNeg   . . .     Faith    .     (helmet restricted)
rPois  .         Spirit   .     (no amulet)
rElec  .         Dismiss  .     (no ring)
rCorr  .         Reflect  .     (no ring)
SustAt .         Harm     .     (no ring)
MR     .....                    (no ring)
Stlth  ++++++....               (no ring)
                                (no ring)
                                (no ring)
                                (no ring)

@: lethally poisoned (-1 -> -2), not resistant to hostile enchantments, very
stealthy
A: almost no armour, amphibious, 8 rings, constrict 8, camouflage 1, gelatinous
body 1
a: Renounce Religion


You were on level 8 of the Dungeon.
You worshipped Nemelex Xobeh.
Nemelex Xobeh was pleased with you.
You were not hungry.

You visited 1 branch of the dungeon, and saw 8 of its levels.

You collected 437 gold pieces.

Notes
Turn   | Place    | Note
--------------------------------------------------------------
     0 | D:1      | SkaryMonk the Octopode Assassin began the quest for the Orb.
     0 | D:1      | Reached XP level 1. HP: 14/14 MP: 1/1
    84 | D:1      | Reached XP level 2. HP: 11/20 MP: 2/2
   423 | D:1      | Reached XP level 3. HP: 22/25 MP: 3/3
   828 | D:2      | Found a snail-covered altar of Cheibriados.
   988 | D:2      | Reached XP level 4. HP: 25/30 MP: 4/4
  1332 | D:1      | Reached XP level 5. HP: 6/35 MP: 5/5
  1778 | D:2      | Found an oddly glowing altar of Pakellas.
  1789 | D:2      | Noticed Natasha
  1796 | D:2      | Killed Natasha
  1904 | D:2      | Noticed Natasha
  2014 | D:2      | Killed Natasha
  2014 | D:2      | Reached skill level 5 in Short Blades
  2411 | D:3      | Reached XP level 6. HP: 33/41 MP: 6/6
  2614 | D:3      | Noticed eragonby's ghost (amateur GrFi)
  2681 | D:3      | Found a sparkling altar of Nemelex Xobeh.
  2689 | D:3      | Became a worshipper of Nemelex Xobeh the Trickster
  2766 | D:3      | Received a gift from Nemelex Xobeh
  3188 | D:4      | Found an opulent altar of Gozag.
  3189 | D:4      | Reached * piety under Nemelex Xobeh
  3189 | D:4      | Received a gift from Nemelex Xobeh
  3192 | D:4      | Found an ancient bone altar of Kikubaaqudgha.
  3206 | D:4      | Found a stormy altar of Qazlal.
  3209 | D:4      | Found a basalt altar of Yredelemnul.
  3233 | D:4      | Found a staircase to the Ecumenical Temple.
  3581 | D:4      | Found a sparkling altar of Nemelex Xobeh.
  3714 | D:4      | Found a sacrificial altar of Ru.
  3717 | D:4      | Reached XP level 7. HP: 45/45 MP: 7/7
  4578 | D:5      | Entered Level 5 of the Dungeon
  4661 | D:5      | Reached ** piety under Nemelex Xobeh
  4679 | D:5      | Reached XP level 8. HP: 46/51 MP: 8/8
  5405 | D:5      | Reached skill level 10 in Stealth
  5874 | D:6      | Noticed Sigmund
  5877 | D:6      | Killed Sigmund
  5967 | D:6      | Found a bloodstained altar of Trog.
  6285 | D:6      | Reached XP level 9. HP: 55/55 MP: 9/9
  6431 | D:6      | Found an iron altar of Okawaru.
  6490 | D:6      | Found a glowing golden altar of the Shining One.
  6558 | D:6      | Reached skill level 10 in Short Blades
  7673 | D:6      | Reached skill level 5 in Throwing
  7923 | D:7      | Found a blossoming altar of Fedhas.
  8036 | D:7      | Learned a level 1 spell: Apportation
  8315 | D:7      | Reached skill level 1 in Translocations
  9014 | D:8      | Learned a level 2 spell: Blink
  9175 | D:8      | Reached XP level 10. HP: 18/61 MP: 10/10
  9537 | D:8      | Reached skill level 5 in Translocations
 10331 | D:8      | Learned a level 2 spell: Shroud of Golubria
 10372 | D:8      | Slain by a giant frog

Inventory:

Hand Weapons
 a - a +3 dagger (weapon)
 b - a +0 blowgun
 j - a +0 dagger of venom
 l - a +1 short sword of venom
Missiles
 c - 64 poisoned needles
 d - 2 curare-tipped needles
 m - 5 needles of sleeping
Wands
 g - a wand of random effects (10/48)
 D - a wand of lightning (0/15)
Scrolls
 n - 3 scrolls of recharging
 v - a scroll of silence {unknown}
 x - 3 scrolls of remove curse
 y - a scroll of blinking {unknown}
 B - a scroll of teleportation
Potions
 i - 2 potions of resistance
 o - a potion of beneficial mutation {unknown}
 p - a potion of cure mutation {unknown}
 r - a potion of ambrosia {unknown}
 w - a potion of might {unknown}
 z - a potion of haste {unknown}
 C - a potion of magic {unknown}
Books
 e - a book of Spatial Translocations

   Spells                             Type                      Level
   a - Apportation                    Translocation                1
   b - Blink                          Translocation                2
   c - Shroud of Golubria             Charms/Translocation         2
   d - Portal Projectile              Translocation                3
   e - Teleport Other                 Translocation                3
   f - Passage of Golubria            Translocation                4
Comestibles
 f - 10 bread rations
 h - 7 slices of pizza
 k - 2 royal jellies
 q - a meat ration
 s - 4 beef jerkies
 t - 2 chunks of flesh

Table legend:
 A = Turns spent in this place as a percentage of turns spent in the entire game.
 B = Non-inter-level travel turns spent in this place as a percentage of non-inter-level travel turns spent in the entire game.
 C = Inter-level travel turns spent in this place as a percentage of turns spent in this place.
 D = Turns resting spent in this place as a percentage of non-inter-level travel turns spent in this place.
 E = Turns spent auto-exploring this place as a percentage of non-inter-level travel turns spent in this place.
 F = Non-inter-level travel turns spent in this place divided by the number of levels of this place that you've seen.
                   A       B       C       D       E      F
               +-------+-------+-------+-------+-------+----------------------
         Total | 100.0 | 100.0 |   0.8 |   4.1 |   8.1 | 344.8
       Dungeon | 100.0 | 100.0 |   0.8 |   4.1 |   8.1 | 344.8
               +-------+-------+-------+-------+-------+----------------------


   Skills:
 - Level 2.6 Fighting
 - Level 10.0 Short Blades
 - Level 5.7 Throwing
 - Level 1.4 Dodging
 - Level 10.0 Stealth
 + Level 6.8 Translocations


You had 4 spell levels left.
You knew the following spells:

 Your Spells              Type           Power        Failure   Level  Hunger
a - Apportation           Tloc           ###.......   1%          1    ##.....
b - Blink                 Tloc           N/A          2%          2    ###....
c - Shroud of Golubria    Chrm/Tloc      #.........   14%         2    ###....


Dungeon Overview and Level Annotations

Branches:
Dungeon (8/15)             Temple (0/1) D:4
   Lair: D:8-11

Altars:
Cheibriados
Fedhas
Gozag
Kikubaaqudgha
Nemelex Xobeh
Okawaru
Pakellas
Qazlal
Ru
Trog
Yredelemnul
The Shining One

Annotations:
D:3 eragonby's ghost, amateur GrFi


Innate Abilities, Weirdness & Mutations

You cannot wear most types of armour.
You are amphibious.
You can wear up to eight rings at the same time.
You can use your tentacles to constrict eight enemies at once.
Your skin changes colour to match your surroundings (Stealth).
Your rubbery body absorbs attacks (AC +1).


Message History

Drink which item? (? for menu, Esc to quit)
Okay, then.
Unknown command.
Evoke which item? (* to show all) (? for menu, Esc to quit)
Zapping:
g - a wand of random effects (will waste charges)
Press: ? - help, Shift-Dir - straight line, f - giant frog
Aim: a giant frog The rock shatters into small pieces.
Evoking this partially-identified wand wasted a few charges.
You feel sick. The giant frog closely misses you.
Evoke which item? (* to show all) (? for menu, Esc to quit)
Zapping:
g - a wand of random effects {zapped: 3} (will waste charges)
Press: ? - help, Shift-Dir - straight line, f/p - giant frog
Aim: a giant frog The giant frog flickers and vanishes!
Deactivating autopickup; reactivate with Ctrl-A.
Evoking this partially-identified wand wasted a few charges.
Something hits you but does no damage. Something hits you.
You die...
Your body disappears without a glow.

. #.# ... #). #.# . #F# ##..# #.#
....# #(###### . #####
#..F...####.... ..######.
######......... .........
#.####....
#.#.###################.# .
#.#.##..........@{o.....#
#........######.##..###.#####
###.####.# ##.............####.
###.# #.#####....≈≈≈≈≈≈≈........
....####.##......≈≈≈≈≈≈≈≈≈≈......
.#####.>......≈≈≈≈≈.......≈≈≈≈≈..
.# #.......≈≈≈....∩..∩....≈≈≈..
.# #.......≈≈≈.≈.........≈≈≈≈..
.# #.......≈≈≈≈≈≈≈.≈≈≈≈.≈≈....#


You could see an orc.

Table legend:
 A = Kills in this place as a percentage of kills in entire the game.
 B = Kills by you in this place as a percentage of kills by you in the entire game.
 C = Kills by friends in this place as a percentage of kills by friends in the entire game.
 D = Other kills in this place as a percentage of other kills in the entire game.
 E = Experience gained in this place as a percentage of experience gained in the entire game.
 F = Experience gained in this place divided by the number of levels of this place that you have seen.
                   A       B       C       D       E      F
               +-------+-------+-------+-------+-------+----------------------
         Total | 100.0 | 100.0 |  -nan |  -nan | 100.0 | 746.2
       Dungeon | 100.0 | 100.0 |  -nan |  -nan | 100.0 | 746.2
               +-------+-------+-------+-------+-------+----------------------

Vanquished Creatures
  Sigmund (D:6)
  A human (D:7)
  A hungry ghost (D:8)
  A water moccasin (D:8)
  2 porcupines (D:8)
  An orc warrior (D:6)
  A sky beast (D:5)
  6 ice beasts
  2 phantoms
  2 centaurs
  2 ogres
  A wolf (D:8)
  A big kobold (D:7)
  4 giant frogs (D:6)
  5 killer bees (D:8)
  2 wights (D:6)
  3 howler monkeys
  A crimson imp (D:5)
  7 hounds
  A quasit (D:7)
  5 orc priests
  2 jellies
  An iguana (D:8)
  A giant frog skeleton (D:8)
  Natasha (twice) (D:2)
  5 orc wizards
  8 worker ants
  A hell rat (D:8)
  4 sheep
  A hound skeleton (D:4)
  14 gnolls
  9 adders
  A howler monkey simulacrum (D:8)
  A white imp (D:8)
  An ooze (D:3)
  An adder skeleton (D:8)
  2 worms
  5 dart slugs
  10 giant geckos
  19 orcs
  8 bats
  5 giant cockroaches
  10 goblins
  7 hobgoblins
  14 jackals
  17 kobolds
  3 quokkas
  A ball python (D:5)
  A giant cockroach zombie (D:5)
  15 giant newts
  A jackal simulacrum (D:8)
  A quokka skeleton (D:5)
  A quokka zombie (D:6)
  11 rats
233 creatures vanquished.

Action                   |  1- 3 |  4- 6 |  7- 9 | 10-12 || total
-------------------------+-------+-------+-------+-------++-------
Melee: Dagger            |    63 |   139 |   307 |   120 ||   629
       Constrict         |    17 |    35 |    48 |    13 ||   113
       Tentacles         |     8 |    17 |    72 |    27 ||   124
 Fire: Blowgun           |     5 |    25 |    22 |       ||    52
Throw: Throwing net      |       |       |     3 |       ||     3
 Cast: Blink             |       |       |     1 |       ||     1
       Shroud of Golubri |       |       |       |     1 ||     1
Evoke: Deck              |       |     6 |     7 |       ||    13
       Wand              |       |       |     3 |     5 ||     8
  Use: Scroll            |     2 |     4 |     5 |       ||    11
       Potion            |       |     1 |     4 |     1 ||     6
 Stab: Sleeping          |     8 |    15 |    27 |       ||    50
       Distracted        |       |     1 |     5 |     3 ||     9
       Paralysed         |       |       |     1 |       ||     1
       Held in net/web   |       |       |     1 |       ||     1
  Eat: Chunk             |       |     8 |    12 |     5 ||    25
       Meat ration       |       |       |     1 |       ||     1
       Pizza             |       |       |     1 |       ||     1
Armor: Skin              |     9 |    35 |    11 |     2 ||    57
Dodge: Dodged            |    37 |    68 |    91 |    46 ||   242

Vault maps used:
D:1:      eino_arrival_water_star
D:2:      nicolae_overflow_hidden_temple, johnstein_pakellas_dig,
          minmay_lizard_king, uniq_natasha
D:3:      lemuel_coloured_pillars_altar
D:4:      nicolae_ru_great_annihilating_truth, grunt_temple_overflow_cloverleaf,
          minmay_temple_entry_steel_oval, first_bread,
          nemelex_diamond_rough_becter
D:5:      nrook_loot_triangle
D:6:      okawaru_gym_becter, bloody_trog, kennysheep_mini_moat, uniq_sigmund
D:7:      old_standard_altar, grunt_livestock
D:8:      dpeg_lair_monsters, serial_ice, serial_ice_d, serial_ice_n,
          serial_ice_e, serial_ice_h, serial_ice_m, serial_ice_i, serial_ice_a,
          bh_walls_and_bars
